 Dungeon Crawl Stone Soup version 0.26.1-11-gd32895ea62 (webtiles) character file.

Game seed: 908060105802019859

110 tizbic2 the Sneak (level 4, -1/23 HPs)
             Began as a Vine Stalker Brigand on June 28, 2021.
             Slain by an orc priest
             ... wielding a +0 flail
              (4 damage)
             ... on level 3 of the Dungeon.
             The game lasted 00:08:29 (1610 turns).

tizbic2 the Sneak (Vine Stalker Brigand)            Turns: 1610, Time: 00:08:29

Health: -1/23      AC:  5    Str: 15    XL:     4   Next: 91%
Magic:  0/5        EV: 11    Int: 11    God:
Gold:   127        SH:  0    Dex: 21    Spells: 3/3 levels left

rFire    . . .     SeeInvis +   a - +2 dagger
rCold    . . .     Faith    .   (no shield)
rNeg     . . .     Spirit   +   h - +0 leather armour
rPois    .         Reflect  .   (no helmet)
rElec    .         Harm     .   c - +0 cloak
rCorr    .         Rampage  .   l - +0 pair of gloves
Will     .....                  (no boots)
Stlth    +++.......             (no amulet)
HPRegen  0.47/turn              f - +6 ring of dexterity
MPRegen  0.09/turn              m - ring of see invisible

@: no status effects
A: fangs 2, regeneration 1, magic shield, antimagic bite, no potion heal 3
a: no special abilities


You were on level 3 of the Dungeon.
You visited 1 branch of the dungeon, and saw 3 of its levels.

You collected 127 gold pieces.

Inventory:

Hand Weapons
 a - a +2 dagger (weapon)
Missiles
 d - 7 poisoned darts (quivered)
 e - 2 curare-tipped darts
 q - 30 stones
Armour
 c - a +0 cloak (worn)
 h - a +0 leather armour (worn)
 l - a +0 pair of gloves (worn)
 r - a +0 scale mail
Jewellery
 f - a +6 ring of dexterity (left hand)
 m - a ring of see invisible (right hand)
 n - an uncursed ring of ice
Scrolls
 g - a scroll of enchant armour {unknown}
 j - a scroll of enchant weapon {unknown}
 p - a scroll of remove curse
 s - a scroll of teleportation {unknown}
Potions
 b - 2 potions of haste {unknown}
 i - 2 potions of curing {unknown}
 k - a potion of degeneration {unknown}
 o - a potion of heal wounds {unknown}


   Skills:
 + Level 2.1 Fighting
 + Level 2.8 Short Blades
 + Level 2.0 Throwing
 + Level 0.8 Armour
 + Level 0.8 Dodging
 + Level 6.2 Stealth


You had 3 spell levels left.
You didn't know any spells.
Your spell library was empty.

Dungeon Overview and Level Annotations

Branches:
Dungeon (3/15)

Altars:
Nemelex Xobeh
Okawaru


Innate Abilities, Weirdness & Mutations

You have extremely sharp teeth.
Your natural rate of healing is unusually fast.
When hurt, damage is shared between your health and your magic reserves.
Your bite disrupts and absorbs the magic of your enemies.
Potions cannot restore your health.


Message History

You kill the orc!
The orc misses you. The orc priest closely misses you.
You hit the orc.
The orc is severely wounded.
The orc completely misses you. The orc hits you with a +0 mace!
You completely miss the orc priest. Your bite misses the orc priest.
The orc priest barely misses you. The orc hits you but does no damage.
The orc hits you with a +0 mace!
You hit the orc priest. You bite the orc priest. You drain its power.
You feel invigorated.
The orc priest is moderately wounded.
The orc priest hits you with a +0 flail!
* * * LOW HITPOINT WARNING * * *
The orc hits you with a cursed -2 short sword.
* * * LOW HITPOINT WARNING * * *
You hit the orc priest.
The orc priest is severely wounded.
The orc barely misses you. The orc closely misses you.
The orc priest hits you with a +0 flail.
You die...

## .$.....<(..#
#8## _## #.# .#
###.######## ...8
..8## #?# .# ....
...#### #.# .# ....
..8#.# #.# .# ...$
##.# #.# .# ...8
#.###.##.#####. 8##
#......oo...[..
##########......@o#
#..............####
#)###..#####...#
.......# #####
########


You could see an orc priest and 2 orcs.

Vanquished Creatures
  Jessica (D:2)
  A worker ant (D:2)
  An adder (D:3)
  An ooze (D:1)
  A dart slug (D:1)
  An orc (D:3)
  3 ball pythons
  5 bats
  2 giant cockroaches
  11 hobgoblins
  A quokka (D:3)
  5 frilled lizards
  5 goblins
  6 kobolds
  A rat (D:1)
45 creatures vanquished.

Notes
Turn   | Place    | Note
-------+----------+-------------------------------------------
     0 | D:1      | tizbic2 the Vine Stalker Brigand began the quest for the
                  | Orb.
     0 | D:1      | Reached XP level 1. HP: 11/11 MP: 2/2
    82 | D:1      | Reached skill level 5 in Stealth
   253 | D:1      | Reached XP level 2. HP: 15/15 MP: 3/3
   661 | D:1      | Reached XP level 3. HP: 18/18 MP: 4/4
   818 | D:2      | Found a faded altar of an unknown god.
  1030 | D:2      | Noticed Jessica
  1038 | D:2      | Killed Jessica
  1039 | D:2      | Gained mutation: Your natural rate of healing is unusually
                  | fast. [Vine Stalker growth]
  1039 | D:2      | Reached XP level 4. HP: 22/23 MP: 5/5
  1129 | D:2      | Reached skill level 6 in Stealth
  1454 | D:3      | Found a sparkling altar of Nemelex Xobeh.
  1599 | D:3      | Found an iron altar of Okawaru.
  1610 | D:3      | Slain by an orc priest

Illustrated notes

Levels and vault maps discovered:
D:1:      dpeg_arrival_yet_another_circle, layout_loops_ring,
          minmay_misc_feat_secret_circle
D:2:      layout_loops_cross, chequers_ecumenical_altar_simple_redux,
          uniq_jessica
D:3:      layout_loops_ring, nemelex_xobeh_ov_fountains_minmay,
          nicolae_overflow_hidden_temple

Skill      XL: |  1  2  3  4 |
---------------+-------------+-----
Stealth        | 5 6 |  6.2
Short Blades   | 2 |  2.8
Fighting       | 2 |  2.1
Throwing       | 2 |  2.0
Armour         | |  0.8
Dodging        | |  0.8

Action                   |  1- 3 |  4- 6 || total
-------------------------+-------+-------++-------
Melee: Dagger            |    61 |    50 ||   111
       Bite              |    20 |    12 ||    32
Throw: Dart              |     3 |       ||     3
  Use: Scroll            |     1 |     1 ||     2
 Stab: Sleeping          |     6 |     6 ||    12
Armor: Robe              |     2 |       ||     2
       Leather armour    |     3 |    18 ||    21
Dodge: Dodged            |    33 |    28 ||    61
